 Dungeon Crawl Stone Soup version 0.28-a0-1395-g4f6bc678fa (webtiles) character file.

Game seed: 5845643434447530326

508 Bingpot the Ruffian (level 6, -1/62 HPs)
             Began as a Troll Monk on Jan 4, 2022.
             Was a Priest of the Shining One.
             Slain by a killer bee (6 damage)
             ... on level 4 of the Dungeon.
             The game lasted 00:13:30 (2042 turns).

Bingpot the Ruffian (Troll Monk)                    Turns: 2042, Time: 00:13:31

Health: -1/62      AC:  5    Str: 22    XL:     6   Next: 98%
Magic:  5/5        EV: 11    Int:  6    God:    the Shining One [***...]
Gold:   83         SH:  0    Dex: 18    Spells: 5/5 levels left

rFire   . . .      SeeInvis .     - Unarmed
rCold   . . .      Faith    .   d - orb {*channel}
rNeg    + . .      Spirit   .   m - +1 robe {Will+}
rPois   .          Reflect  .   (helmet restricted)
rElec   .          Harm     .   g - scarf {repulsion}
rCorr   .          Rampage  .   (gloves unavailable)
Will    +....                   (boots unavailable)
Stlth   +.........              (no amulet)
HPRegen 1.00/turn               j - +6 ring of dexterity
MPRegen 0.09/turn               (no ring)

@: glowing, repel missiles
A: large, unfitting armour, claws 3, regeneration 1, shaggy fur 1, tough skin 1
a: Renounce Religion, Divine Shield, Cleansing Flame


You were on level 4 of the Dungeon.
You worshipped the Shining One.
The Shining One was most pleased with you.
You visited 1 branch of the dungeon, and saw 4 of its levels.

You collected 83 gold pieces.

Inventory:

Missiles
 a - 8 boomerangs
 b - 40 stones
 l - 7 poisoned darts (quivered)
Armour
 d - an orb of energy (worn)
 g - a scarf of repulsion (worn)
 m - a +1 robe of willpower (worn)
Jewellery
 j - a +6 ring of dexterity (left claw)
Wands
 h - a wand of iceblast (13)
 i - a wand of flame (18)
Scrolls
 c - a scroll of identify
Potions
 f - 2 potions of haste


   Skills:
 * Level 3.7 Fighting
 * Level 2.0 Throwing
 + Level 3.4 Dodging
 + Level 1.2 Stealth
 * Level 2.0 Shields
 + Level 5.0 Unarmed Combat
 + Level 0.4 Invocations


You had 5 spell levels left.
You didn't know any spells.
Your spell library was empty.

Dungeon Overview and Level Annotations

Branches:
Dungeon (4/15)
 Temple: D:4-7

Altars:
The Shining One


Innate Abilities, Weirdness & Mutations

You are too large for most types of armour.
You have claws for hands.
Your natural rate of healing is unusually fast.
You are covered in fur. (AC +1)
You have tough skin. (AC +1)


Message History

An adder comes into view.
The killer bee stings you.
You are poisoned.
The killer bee poisons you! The killer bee stings you!
An orc comes into view. It is wielding a +0 hand axe.
You closely miss the killer bee.
You feel sick.
The adder hisses angrily.
The killer bee stings you. The killer bee barely misses you.
The killer bee stings you!
The killer bee stings you but does no damage.
The killer bee stings you.
The ball python bites you but does no damage.
The killer bee barely misses you. The killer bee stings you.
You feel sick. The killer bee closely misses you.
The killer bee barely misses you. The killer bee stings you.
An orc comes into view. It is wielding a +2 vorpal falchion.
You feel sick.
The killer bee stings you but does no damage.
The killer bee stings you.
You are more poisoned.
The killer bee poisons you!
You feel very sick. The killer bee closely misses you.
The killer bee stings you.
* * * LOW HITPOINT WARNING * * *
You are more poisoned.
The killer bee poisons you! The killer bee closely misses you.
The killer bee misses you.
You feel very sick. The killer bee closely misses you.
The killer bee misses you.
The killer bee stings you but does no damage.
You feel better. The killer bee stings you.
* * * LOW HITPOINT WARNING * * *
The killer bee stings you.
* * * LOW HITPOINT WARNING * * *
The killer bee misses you. The killer bee stings you!
* * * LOW HITPOINT WARNING * * *
The killer bee stings you.
* * * LOW HITPOINT WARNING * * *
The killer bee stings you.
You die...

.. #...........#
##.# #.............
##..
##.............
##.###.....).......
.................#
.................#
.................#
....[...(......yy#
..............Sy@#
..............Sy##
...............##
.......#.........
#########.........
#########o.. o.. .o


You could see 4 killer bees, an adder and a ball python.

Vanquished Creatures
  Grinder (D:3)
  Sigmund (D:3)
  Jessica (D:3)
  4 gnolls (D:2)
  3 adders
  2 worms
  2 dart slugs (D:2)
  4 orcs (D:3)
  5 ball pythons
  4 bats
  3 endoplasms
  A giant cockroach (D:2)
  6 goblins
  7 hobgoblins
  5 quokkas
  A frilled lizard (D:1)
  7 kobolds
  3 rats
60 creatures vanquished.

Notes
Turn   | Place    | Note
-------+----------+-------------------------------------------
     0 | D:1      | Bingpot the Troll Monk began the quest for the Orb.
     0 | D:1      | Reached XP level 1. HP: 22/22 MP: 0/0
    85 | D:1      | Reached XP level 2. HP: 29/29 MP: 1/1
   196 | D:1      | Found a faded altar of an unknown god.
   221 | D:1      | Prayed at the altar of an unknown god.
   221 | D:1      | Became a worshipper of the Shining One
   221 | D:1      | Reached * piety under the Shining One
   221 | D:1      | Reached ** piety under the Shining One
   767 | D:2      | Reached XP level 3. HP: 36/36 MP: 2/2
  1214 | D:2      | Reached XP level 4. HP: 45/45 MP: 3/3
  1370 | D:3      | Noticed Sigmund
  1385 | D:3      | Reached *** piety under the Shining One
  1439 | D:3      | Killed Sigmund
  1440 | D:3      | Reached skill level 1 in Throwing
  1440 | D:3      | Reached skill level 1 in Shields
  1440 | D:3      | Reached skill level 4 in Unarmed Combat
  1440 | D:3      | Reached XP level 5. HP: 31/53 MP: 0/4
  1513 | D:3      | Noticed Jessica
  1517 | D:3      | Killed Jessica
  1518 | D:3      | Reached XP level 6. HP: 61/61 MP: 5/5
  1759 | D:3      | Noticed Grinder
  1775 | D:3      | Killed Grinder
  1776 | D:3      | Reached skill level 5 in Unarmed Combat
  2042 | D:4      | Slain by a killer bee

Illustrated notes

Levels and vault maps discovered:
D:1:      nzn_arrival_water_spiral, layout_loops_cross,
          ebering_ecumenical_altar_ruins, bh_walls_and_bars
D:2:      layout_basic
D:3:      layout_loops_ring, hangedman_abyss_or_decor_lesser_grid, uniq_jessica,
          uniq_sigmund, uniq_grinder
D:4:      layout_rooms, tgw_fedhas, serial_shops, nicolae_shop_trees,
          chequers_serial_rivers_micro_c

Skill      XL: |  1  2  3  4  5  6 |
---------------+-------------------+-----
Fighting       | 3 |  3.7
Dodging        | 3 |  3.4
Throwing       | 1 2 |  2.0
Shields        | 1 2 |  2.0
Unarmed Combat | 4 5 |  5.0
Stealth        | |  1.2
Invocations    | |  0.4

Action                   |  1- 3 |  4- 6 || total
-------------------------+-------+-------++-------
Melee: Unarmed           |    74 |    73 ||   147
Throw: Stone             |    10 |       ||    10
       Dart              |       |     7 ||     7
Invok: Divine Shield     |       |     1 ||     1
Evoke: Wand              |       |     1 ||     1
  Use: Scroll            |     4 |       ||     4
       Potion            |     4 |     1 ||     5
 Stab: Sleeping          |     1 |       ||     1
Armor: Robe              |    30 |    23 ||    53
Dodge: Dodged            |    54 |    51 ||   105

Table legend: (Time is in decaauts)
 A = Elapsed time spent in this place.
 B = Non-inter-level travel time spent in this place.
 C = Inter-level travel time spent in this place.
 D = Time resting spent in this place.
 E = Time spent auto-exploring this place.
 F = Levels seen in this place.
 G = Mean time per level.
                   A        B        C        D        E       F      G
               +--------+--------+--------+--------+--------+-----+--------+
         Total |   2036 |   2036 |      0 |      0 |   1083 |   4 |  509.0 |
       Dungeon |   2036 |   2036 |      0 |      0 |   1083 |   4 |  509.0 |
               +--------+--------+--------+--------+--------+-----+--------+

Top non-repeatable levels by time:
     D:2: 848 daAuts
     D:3: 682 daAuts
     D:1: 468 daAuts
     D:4: 36 daAuts
